 Dungeon Crawl Stone Soup version 0.21-a0-509-gecc5317 (webtiles) character file.

63 slep the Chopper (level 3, 0/30 HPs)
             Began as a Minotaur Gladiator on Dec 1, 2017.
             Succumbed to a worker ant's poison
             ... on level 2 of the Dungeon.
             The game lasted 00:01:58 (330 turns).

slep the Chopper (Minotaur Gladiator)                Turns: 330, Time: 00:01:59

Health: 0/30       AC:  3    Str: 18    XL:     3   Next: 89%
Magic:  2/2        EV: 13    Int:  5    God:
Gold:   34         SH:  0    Dex: 12    Spells: 2/2 levels left

rFire    . . .     SeeInvis .   a - +0 war axe
rCold    . . .     Gourm    .   (no shield)
rNeg     . . .     Faith    .   b - +0 leather armour
rPois    .         Spirit   .   c - +0 hat
rElec    .         Reflect  .   (no cloak)
rCorr    .         Harm     .   (no gloves)
MR       .....                  (no boots)
Stlth    +.........             (no amulet)
HPRegen  0.10/turn              (no ring)
MPRegen  0.08/turn              (no ring)

@: lethally poisoned (0 -> -2), flying, hasted, very quick
A: retaliatory headbutt, horns 2
a: no special abilities


You were on level 2 of the Dungeon.
You were not hungry.

You visited 1 branch of the dungeon, and saw 2 of its levels.

You collected 34 gold pieces.

Inventory:

Hand Weapons
 a - a +0 war axe (weapon)
Missiles
 d - 3 throwing nets (quivered)
Armour
 b - a +0 leather armour (worn)
 c - a +0 hat (worn)
Scrolls
 e - a scroll of remove curse {unknown}
Comestibles
 f - a bread ration
 g - a chunk of flesh


   Skills:
 + Level 2.8 Fighting
 + Level 4.3 Axes
 + Level 2.2 Throwing
 + Level 0.7 Armour
 + Level 4.3 Dodging


You had 2 spell levels left.
You didn't know any spells.

Dungeon Overview and Level Annotations

Branches:
Dungeon (2/15)

Altars:


Innate Abilities, Weirdness & Mutations

You reflexively headbutt those who attack you in melee.
You have a pair of horns on your head.


Message History

It was a potion of flight.
You feel very buoyant.
You fly up into the air.
You butcher the frilled lizard corpse.
* * * LOW HITPOINT WARNING * * *
You feel sick.
You see here a chunk of flesh.
Okay, then.
g - a chunk of flesh
There is a lethal amount of poison in your body!
* * * LOW HITPOINT WARNING * * *
You feel sick.
You see here 11 gold pieces.
* * * LOW HITPOINT WARNING * * *
You feel sick.
* * * LOW HITPOINT WARNING * * *
You feel sick.
* * * LOW HITPOINT WARNING * * *
You feel sick.
You die...

........#####.#####.# ...
####..........# #.##.#
#........>.### #....#
#......###.#.###.#.##
##<...#.##.)..##.#.#
###.###.........#.####
##.#.###............
##.## ##.#.###.#### #@#
###(........ #.#
#.###.##.. #.# #.# #.##.#
#.# #.# #.#..# ###.###
#.# #.#..#
#...#.#####.###.#...
#.##.#............##
#######.#.###.###...##..#
#........# #.##)#.##..#


There were no monsters in sight!

Vanquished Creatures
  A worker ant (D:2)
  2 adders (D:2)
  An ooze (D:2)
  A worm (D:2)
  A goblin (D:2)
  3 hobgoblins (D:2)
  2 quokkas (D:2)
  2 bats (D:2)
  A frilled lizard (D:2)
  A rat (D:2)
15 creatures vanquished.

Notes
Turn   | Place    | Note
-------+----------+-------------------------------------------
     0 | D:1      | slep the Minotaur Gladiator began the quest for the Orb.
     0 | D:1      | Reached XP level 1. HP: 18/18 MP: 0/0
   123 | D:2      | Reached XP level 2. HP: 11/25 MP: 1/1
   265 | D:2      | Reached XP level 3. HP: 17/30 MP: 2/2
   320 | D:2      | HP: 1/30 [poisoned by a worker ant]
   325 | D:2      | HP: 1/30 [poisoned by a worker ant]
   330 | D:2      | Succumbed to a worker ant's poison

Vault maps used:
D:1:      lemuel_arrival_hallway, minmay_tetromino_s4

Skill      XL: |  1  2  3 |
---------------+----------+-----
Dodging        | 4 |  4.3
Axes           | 4 |  4.3
Fighting       | |  2.8
Throwing       | |  2.2
Armour         | |  0.7

Action                   || total
-------------------------++-------
Melee: War axe           ||    27
       Headbutt          ||     5
  Use: Potion            ||     2
Armor: Leather armour    ||     4
Dodge: Dodged            ||    18

Table legend:
 A = Spawn XP
 B = Non-spawn XP
 C = Spawn XP percentage of total XP
 D = Spawn monster count
 E = Non-spawn monster count
 F = Spawn count percentage of total count
 G = Total turns spent on level
                    A         B        C        D         E        F      G
               +---------+---------+-------+---------+---------+-------+---------
         Total |       0 |      91 |   0.0 |       0 |      15 |   0.0 |   330
               +---------+---------+-------+---------+---------+-------+---------
           D:2 |       0 |      91 |   0.0 |       0 |      15 |   0.0 |   303
               +---------+---------+-------+---------+---------+-------+---------
